 Seeded DCSS version 0.28-a0-1429-gf3d713df7a (webtiles) character file.

Game seed: 8612608535537322636 (custom seed)

88839 flotson the Fighter (level 15, -2/120 HPs)
             Began as a Demonspawn Gladiator on Jan 9, 2022.
             Was an Initiate of Gozag.
             Slain by a quicksilver ooze (7 damage)
             ... summoned by an orange crystal statue
             ... in an ice cave.
             The game lasted 00:48:53 (23203 turns).

flotson the Fighter (Demonspawn Gladiator)         Turns: 23203, Time: 00:48:55

Health: -2/120     AC: 31    Str: 25    XL:     15   Next: 47%
Magic:  0/15       EV: 14    Int: 14    God:    Gozag
Gold:   2216       SH: 18    Dex: 21    Spells: 14/14 levels left

rFire   . . .      SeeInvis .   a - +7 scimitar "Worm" {spect, Str+4 Int+4}
rCold   + + +      Faith    .   q - +2 kite shield {rC+}
rNeg    . . .      Spirit   .   K - +5 chain mail of Sucre Faschi {-Cast rPois Dex+6}
rPois   +          Reflect  .   u - +2 hat
rElec   +          Harm     .   R - +1 cloak of Calculation {Rampage rElec rC+ Will+}
rCorr   .          Rampage  +   g - +0 pair of gloves
Will    ++...      NoCast   +   m - +1 pair of boots {Fly}
Stlth   ..........              P - amulet of regeneration
HPRegen 1.10/turn               c - +4 ring of slaying
MPRegen 0.14/turn               U - ring of Ephemeral Luck {+Blink rElec rC+}

@: engulfed (cannot breathe), flying, studying 3 skills
A: claws 2, icemail 1, powered by death 1, sharp scales 2, condensation shield
a: Renounce Religion, Evoke Blink, Potion Petition, Call Merchant, Bribe Branch


You were in an ice cave.
You worshipped Gozag.
Gozag was most pleased with you.
You visited 4 branches of the dungeon, and saw 23 of its levels.
You visited 1 bazaar.
You also visited: Bailey and Ice Cave.

You collected 7954 gold pieces.
You spent 5604 gold pieces at shops.
You paid 134 gold pieces to Gozag.

Inventory:

Hand Weapons
 a - the +7 scimitar "Worm" (weapon) {spect, Str+4 Int+4}
   (You bought it in a shop on level 6 of the Dungeon)

   When its wielder attacks, the weapon's spirit leaps out and strikes again.
   The spirit shares a part of any damage it takes with its wielder.
   Str:       It affects your strength (+4).
   Int:       It affects your intelligence (+4).
 b - a +0 fustibalus of freezing
Missiles
 d - 150 sling bullets
 p - 4 throwing nets
 s - 11 curare-tipped darts
 v - 8 boomerangs (quivered)
Armour
 g - a +0 pair of gloves (worn)
 m - a +1 pair of boots of flying (worn)
 q - a +2 kite shield of cold resistance (worn)
 u - a +2 hat (worn)
 z - the +0 ice dragon scales "Lirchecva" {Harm Rampage rElec rF- rC++ Dex+4}
   (You found it in an ice cave)

   Dex:       It affects your dexterity (+4).
   rF:        It makes you vulnerable to fire.
   rC:        It greatly protects you from cold.
   rElec:     It insulates you from electricity.
   Harm:      It increases damage dealt and taken.
   Rampage:   It bestows one free step when moving towards enemies.
 K - the +5 chain mail of Sucre Faschi (worn) {-Cast rPois Dex+6}
   (You found it on level 8 of the Dungeon)

   Dex:       It affects your dexterity (+6).
   rPois:     It protects you from poison.
   -Cast:     It prevents spellcasting.
 R - the +1 cloak of Calculation (worn) {Rampage rElec rC+ Will+}
   (You found it on level 13 of the Dungeon)

   rC:        It protects you from cold.
   rElec:     It insulates you from electricity.
   Rampage:   It bestows one free step when moving towards enemies.
   Will:      It increases your willpower.
Jewellery
 c - a +4 ring of slaying (left hand)
 w - the ring "Docuxtuh" {+Blink Dex+6 Slay+3}
   (You found it on level 13 of the Dungeon)

   [ring of dexterity]

   Dex:       It affects your dexterity (+6).
   Slay:      It affects your accuracy & damage with ranged weapons and melee
   (+3).
   +Blink:    It lets you blink.
 x - the ring of Dim Light {Will++ MP+9 Str-5 SInv Stlth+}
   (You found it on level 6 of the Lair of Beasts)

   [ring of magical power]

   Str:       It affects your strength (-5).
   MP:        It affects your magic capacity (+9).
   SInv:      It lets you see invisible.
   Will:      It greatly increases your willpower.
   Stlth:     It makes you more stealthy.
 P - an amulet of regeneration (around neck)
 U - the ring of Ephemeral Luck (right hand) {+Blink rElec rC+}
   (You bought it in a shop on level 9 of the Dungeon)

   [ring of protection from cold]

   rC:        It protects you from cold.
   rElec:     It insulates you from electricity.
   +Blink:    It lets you blink.
Wands
 o - a wand of iceblast (26)
 y - a wand of mindburst (8)
 J - a wand of paralysis (4)
 M - a wand of acid (7)
 N - a wand of digging (13)
Scrolls
 f - 9 scrolls of teleportation
 h - 3 scrolls of fog {unknown}
 i - 4 scrolls of magic mapping
 k - a scroll of amnesia {unknown}
 l - 6 scrolls of blinking
 r - 7 scrolls of vulnerability
 D - 3 scrolls of silence {unknown}
 H - 4 scrolls of noise {unknown}
 L - a scroll of enchant armour {unknown}
 Q - 7 scrolls of fear
 S - 6 scrolls of enchant weapon {unknown}
 W - 3 scrolls of immolation
 Z - a scroll of holy word {unknown}
Potions
 e - 7 potions of curing
 n - 4 potions of ambrosia
 t - 3 potions of lignification
 A - 5 potions of might
 B - 2 potions of haste
 F - 4 potions of berserk rage
 I - 2 potions of resistance
 T - a potion of cancellation
 V - 3 potions of attraction
 Y - 2 potions of invisibility {unknown}
Miscellaneous
 G - a box of beasts
 X - a phial of floods


   Skills:
 + Level 11.7 Fighting
 + Level 10.6 Long Blades
 + Level 10.7 Throwing
 + Level 10.3 Armour
 + Level 10.6 Dodging
 + Level 9.3 Shields
 + Level 10.3 Evocations


You had 14 spell levels left.
You didn't know any spells.
Your spell library contained the following spells:

 Spells                   Type           Power      Damage    Failure   Level
 Corpse Rot               Necr/Air       0%         N/A       99%         2
 Poisonous Vapours        Pois/Air       0%         N/A       99%         2
 Sublimation of Blood     Necr           0%         N/A       99%         2
 Wereblood                Tmut           0%         N/A       99%         2
 Call Canine Familiar     Summ           0%         N/A       100%        3
 Gell's Gravitas          Tloc           0%         N/A       100%        3
 Ignite Poison            Fire/Tmut/Pois 0%         N/A       100%        3
 Mephitic Cloud           Conj/Pois/Air  0%         N/A       100%        3
 Portal Projectile        Hex/Tloc       0%         N/A       100%        3
 Teleport Other           Tloc           0%         N/A       100%        3
 Animate Dead             Necr           0%         N/A       100%        4
 Cause Fear               Hex            0%         N/A       100%        4
 Dispel Undead            Necr           0%         3d6       100%        4
 Leda's Liquefaction      Hex/Erth       0%         N/A       100%        4
 Summon Lightning Spire   Summ/Air       0%         N/A       100%        4
 Borgnjor's Vile Clutch   Necr/Erth      0%         N/A       100%        5
 Fireball                 Conj/Fire      0%         3d3       100%        5
 Freezing Cloud           Conj/Ice/Air   0%         6-21      100%        5
 Iskenderun's Battlesphe  Conj           0%         2d6       100%        5
 Conjure Ball Lightning   Conj/Air       0%         3x3d6     100%        6
 Death Channel            Necr           0%         N/A       100%        6
 Dispersal                Tloc           0%         N/A       100%        6
 Dragon Form              Tmut           0%         N/A       100%        7
 Orb of Destruction       Conj           0%         N/A       100%        7
 Storm Form               Tmut/Air       0%         N/A       100%        7
 Summon Hydra             Summ           0%         N/A       100%        7
 Maxwell's Capacitive Co  Air            0%         ∞         100%        8
 Dragon's Call            Summ           0%         N/A       100%        9


Dungeon Overview and Level Annotations

Branches:
Dungeon (14/15)            Temple (1/1) D:5            Lair (6/6) D:11
  Snake (0/4) Lair:2       Spider (0/4) Lair:3        Slime (0/5) Lair:5
    Orc (2/2) D:12            Elf (0/3) Orc:2        Bailey (visited)
  IceCv (1/1)
 Vaults: D:13-14

Altars:
Ashenzari
Cheibriados
Dithmenos
Elyvilon
Fedhas
Gozag
Hepliaklqana
Kikubaaqudgha
Makhleb
Nemelex Xobeh
Okawaru
Qazlal
Ru
Sif Muna
Trog
Uskayaw
Vehumet
Wu Jian
Xom
Yredelemnul
Zin
The Shining One
Beogh

Shops:
D:6 ([:(*   D:9 =   D:10 [   D:11 *([:!   D:12 :   Orc:2 [:=?

Annotations:
IceCv exclusion: orange crystal statue


Innate Abilities, Weirdness & Mutations

You have very sharp fingernails.
A meltable icy envelope protects you from harm. (AC +4)
You regenerate a little health from kills.
You are mostly covered in razor-sharp scales. (AC +2, Slay +2)
A meltable shield of frost defends you. (SH +4)


Message History

The quicksilver ooze closely misses you.
You block the quicksilver ooze's attack. x3
The quicksilver ooze hits you.
* * * LOW HITPOINT WARNING * * *
You block the quicksilver ooze's attack.
The quicksilver ooze hits you!
* * * LOW HITPOINT WARNING * * *
The quicksilver ooze closely misses you.
You cannot read scrolls while unable to breathe!
Okay, then.
Unknown command.
Unknown command.
You cannot read scrolls while unable to breathe!
Okay, then.
Unknown command.
Unknown command.
Unknown command.
You hit the quicksilver ooze.
The quicksilver ooze is lightly wounded.
Your +7 scimitar "Worm" {spect, Str+4 Int+4} hits the quicksilver ooze!!
* * * LOW HITPOINT WARNING * * *
Your lungs strain for air!
The quicksilver ooze completely misses you.
The quicksilver ooze hits you!
* * * LOW HITPOINT WARNING * * *
You block the quicksilver ooze's attack. x2
You block the enormous slime creature's attack.
You feel much better.
* * * LOW HITPOINT WARNING * * *
Your lungs strain for air!
The quicksilver ooze closely misses you.
The quicksilver ooze misses you.
You block the quicksilver ooze's attack.
The quicksilver ooze closely misses you.
You block the quicksilver ooze's attack. x2
The enormous slime creature hits you!!
* * * LOW HITPOINT WARNING * * *
The quicksilver ooze hits you!
You die...
Your body crumbles into a pile of gold.

#..##...#
##..#...##..##
#..##...#....#
#..#...##....
##..#..##....
#..##.##...# ###
#..#..##ZZ#
##.####.##..##J8#
#...##..#...#J@#
#∩∩.....#..##§J#
#...##..#..##..##
##.####.##..#...#
### #..#..##..###
#..##..#....#
##.##..##...#
#..#.[.#...#
#..##[}##..#


You could see an orange crystal statue, an enormous slime creature, 2
quicksilver oozes, an ugly thing simulacrum (summoned) and an entropy weaver
simulacrum (summoned).

Vanquished Creatures
  Rupert (D:11)
  4 liches (D:13)
  3 quicksilver oozes (IceCv)
  The ghost of Vainiore the Grappler, a journeyman VSTm of Qazlal (Lair:5)
  Snorg (Orc:2)
  The ghost of HallandMoats the Demonic Mishap, a journeyman DsFi of Qazlal (D:13)
  The ghost of taxman66 the Fighter, a journeyman DrFE of Okawaru (D:10)
  Fannar (D:12)
  A merfolk avatar (Lair:6)
  Harold (Lair:2)
  Erolcha (D:10)
  10 hydras
  A boulder beetle (Lair:6)
  Erica (Lair:1)
  2 centaur warriors
  A death knight (D:13)
  7 death yaks
  2 two-headed ogres
  Nergalle (Lair:2)
  2 skeletal warriors
  4 sea snakes (Lair:6)
  The ghost of riojii the Thaumaturge, a novice DjFE (D:7)
  A phantasmal warrior (D:13)
  A deep elf pyromancer (D:12)
  A harpy (D:10)
  3 ugly things
  3 manticores
  10 orc sorcerers (Orc:2)
  8 slime creatures
  2 cyclopes (D:13)
  11 elephants
  A torpor snail (Lair:4)
  2 centaur zombies
  7 black mambas
  13 cane toads
  A gargoyle (D:9)
  An ice statue (D:14)
  A freezing wraith (D:13)
  8 rime drakes
  A kobold demonologist (D:12)
  5 komodo dragons
  3 entropy weaver simulacra (IceCv)
  A tengu conjurer (D:9)
  5 very ugly thing simulacra (IceCv)
  2 wind drakes (Lair:6)
  8 trolls
  3 polar bears (Lair:6)
  3 meliai (D:13)
  A queen bee (D:11)
  5 hornets
  Grinder (D:5)
  A tarantella (shapeshifter) (D:13)
  7 dream sheep (Lair:5)
  A snapping turtle (Lair:6)
  16 blink frogs
  2 shadows
  A wraith (D:13)
  5 basilisks
  8 wyverns
  39 yaks
  A steam dragon (D:8)
  A vampire (D:10)
  4 vampire mosquitoes
  4 nagas (Lair:2)
  7 wargs
  13 water moccasins
  A demonic crawler simulacrum (IceCv)
  An acid dragon (D:12)
  14 orc warriors
  2 sky beasts
  3 black bears
  An ugly thing simulacrum (IceCv)
  18 wolves (Lair:1)
  3 ogres
  8 centaurs
  A kobold brigand (D:8)
  19 bullfrogs
  2 wyvern zombies
  2 scorpions
  A water moccasin zombie (D:6)
  A hornet simulacrum (D:14)
  16 killer bees
  3 electric eels
  A gnoll shaman (D:7)
  A jelly (D:4)
  A centaur skeleton (D:4)
  Crazy Yiuf (D:3)
  A bullfrog skeleton (D:7)
  11 orc priests
  Terence (D:3)
  5 iguanas
  32 orc wizards
  Natasha (D:3)
  3 killer bee zombies
  4 howler monkey zombies
  Robin (D:2)
  8 adders
  3 gnolls (D:7)
  2 white imps
  2 adder skeletons
  6 worms
  4 dart slugs
  74 orcs
  5 bats
  5 endoplasms
  2 giant cockroaches
  9 hobgoblins
  4 jackals (D:3)
  4 quokkas
  7 ball pythons
  5 frilled lizards
  18 goblins
  9 kobolds
  5 rats
601 creatures vanquished.

Vanquished Creatures (others)
  A dancing weapon (Lair:5)
  17 fungi
  55 plants
73 creatures vanquished.

Grand Total: 674 creatures vanquished

Notes
Turn   | Place    | Note
-------+----------+-------------------------------------------
     0 | D:1      | flotson the Demonspawn Gladiator began the quest for the
                  | Orb.
     0 | D:1      | Reached XP level 1. HP: 16/16 MP: 1/1
    21 | D:1      | Found a faded altar of an unknown god.
   559 | D:1      | Gained mutation: A meltable shield of frost defends you.
                  | (SH +4) [demonic ancestry]
   559 | D:1      | Reached XP level 2. HP: 22/22 MP: 2/2
  1444 | D:2      | Gained mutation: A meltable icy envelope protects you from
                  | harm. (AC +4) [demonic ancestry]
  1444 | D:2      | Reached XP level 3. HP: 25/28 MP: 3/3
  1575 | D:2      | Reached skill level 1 in Armour
  1899 | D:2      | Noticed Robin
  1934 | D:2      | Gained mutation: You regenerate a little health from kills.
                  | [demonic ancestry]
  1934 | D:2      | Reached XP level 4. HP: 30/34 MP: 4/4
  1947 | D:2      | Killed Robin
  2523 | D:3      | Noticed Terence
  2549 | D:3      | Killed Terence
  2767 | D:3      | Reached XP level 5. HP: 33/40 MP: 5/5
  2824 | D:3      | Found a runed translucent door.
  2825 | D:3      | Noticed Crazy Yiuf
  2890 | D:3      | Found a blossoming altar of Fedhas.
  2910 | D:3      | Noticed Natasha
  2918 | D:3      | Killed Natasha
  2919 | D:3      | Reached skill level 3 in Fighting
  3198 | D:3      | Killed Crazy Yiuf
  3263 | D:4      | Reached XP level 6. HP: 37/47 MP: 6/6
  3827 | D:5      | Entered Level 5 of the Dungeon
  4177 | D:5      | Reached XP level 7. HP: 43/51 MP: 7/7
  4475 | D:5      | Noticed Grinder
  4483 | D:5      | Paralysed by Grinder for 2 turns
  4489 | D:5      | Paralysed by Grinder for 5 turns
  4528 | D:5      | Paralysed by Grinder for 6 turns
  4534 | D:5      | Killed Grinder
  4535 | D:5      | Reached skill level 4 in Fighting
  4999 | D:5      | Found a staircase to the Ecumenical Temple.
  5224 | Temple   | Entered the Ecumenical Temple
  5724 | D:6      | Found Oheot's Book Boutique.
  5724 | D:6      | Found Egung's Weapon Boutique.
  5768 | D:6      | Found Ydgheoli's Armour Boutique.
  5773 | D:6      | Found Tuelledd's Weapon Boutique.
  5795 | D:6      | Bought 5 curare-tipped darts for 45 gold pieces
  5821 | D:6      | Found a broken altar of Ashenzari.
  5856 | D:6      | Gained mutation: You are partially covered in razor-sharp
                  | scales. (AC +1, Slay +1) [demonic ancestry]
  5856 | D:6      | Reached XP level 8. HP: 59/61 MP: 8/8
  5898 | D:6      | Found an opulent altar of Gozag.
  5966 | D:6      | Became a worshipper of Gozag Ym Sagoz the Greedy
  6286 | D:6      | Reached skill level 5 in Long Blades
  6295 | D:6      | Found a sacrificial altar of Ru.
  6427 | D:6      | Found Wucraw's Elemental Accessories.
  6890 | D:7      | Found a bloodstained altar of Trog.
  6900 | D:7      | Found a flagged portal.
  6939 | Bailey   | Entered a bailey
  6961 | Bailey   | Reached skill level 1 in Evocations
  7014 | Bailey   | Reached skill level 5 in Fighting
  7014 | Bailey   | Reached skill level 5 in Dodging
  7272 | Bailey   | Reached skill level 1 in Shields
  7444 | Bailey   | Identified the -5 cloak of Disaster {Str+3}
  7905 | D:7      | Reached XP level 9. HP: 65/68 MP: 9/9
  7937 | D:7      | Found a hide-covered altar of Uskayaw.
  8344 | D:7      | Found a runed translucent gate.
  8344 | D:7      | Found a runed translucent gate.
  8344 | D:7      | Found a runed translucent gate.
  8344 | D:7      | Noticed riojii's ghost (novice DjFE)
  8346 | D:7      | Found a basalt altar of Yredelemnul.
  8407 | D:7      | Reached skill level 5 in Throwing
  8683 | D:8      | Identified the +5 mace of Agony {drain, Drain rElec Int+4
                  | Stlth+}
  8728 | D:8      | Paralysed by a hornet for 3 turns
  9120 | D:6      | Bought the +7 scimitar "Worm" {spect, Str+4 Int+4} for 825
                  | gold pieces
  9921 | D:8      | Found a hazy altar of Hepliaklqana.
 10007 | D:8      | Reached skill level 5 in Armour
 10019 | D:8      | Identified the +5 chain mail of Sucre Faschi {-Cast rPois
                  | Dex+6}
 10118 | D:8      | Reached skill level 6 in Fighting
 10244 | D:9      | Noticed a troll
 10250 | D:9      | Killed a troll
 10296 | D:9      | Found Qoapuy's Jewellery Emporium.
 10470 | D:9      | Reached XP level 10. HP: 76/76 MP: 10/10
 10568 | D:9      | Noticed a gargoyle
 10569 | D:9      | Noticed a centaur warrior
 10570 | D:9      | Noticed a red ugly thing
 10576 | D:9      | Killed a centaur warrior
 10583 | D:9      | Killed a red ugly thing
 10589 | D:9      | Killed a gargoyle
 10723 | D:9      | Found a shimmering blue altar of Sif Muna.
 10840 | D:9      | Noticed a two-headed ogre
 10841 | D:9      | Noticed a skeletal warrior
 10877 | D:8      | Killed a skeletal warrior
 11149 | D:9      | Killed a two-headed ogre
 11150 | D:9      | Reached skill level 7 in Fighting
 11375 | D:9      | Noticed a seven-headed hydra
 11384 | D:9      | Killed a seven-headed hydra
 11385 | D:9      | Reached skill level 5 in Evocations
 11595 | D:10     | Entered Level 10 of the Dungeon
 11685 | D:10     | Gained mutation: You have sharp fingernails. [demonic
                  | ancestry]
 11685 | D:10     | Reached XP level 11. HP: 77/84 MP: 11/11
 11740 | D:10     | Found Tyv Exzici's Antique Armour Shoppe.
 11762 | D:10     | Found a runed translucent door.
 11763 | D:10     | Noticed taxman66's ghost (journeyman DrFE)
 11763 | D:10     | Noticed a harpy
 11947 | D:10     | Noticed Erolcha
 11958 | D:10     | Killed Erolcha
 12121 | D:10     | Found a snail-covered altar of Cheibriados.
 12240 | D:10     | Reached skill level 5 in Shields
 12249 | D:10     | Found an ornate altar of the Wu Jian Council.
 12562 | D:11     | Found Uxal's Armour Boutique.
 12595 | D:11     | Noticed a six-headed hydra
 12603 | D:11     | Killed a six-headed hydra
 12681 | D:11     | Found Zuetheg's Book Emporium.
 12743 | D:11     | Found a staircase to the Lair.
 12752 | D:11     | Found Reecuh's Assorted Antiques.
 12759 | D:11     | Bought a scroll labelled OXZESIA NIPU for 38 gold pieces
 12759 | D:11     | Bought a bubbling green potion for 34 gold pieces
 12759 | D:11     | Bought a brown potion for 34 gold pieces
 12917 | D:11     | Identified the +5 ring mail of Watchfulness {Dex+4}
 12949 | D:11     | Found Reqil's Weapon Shoppe.
 12991 | D:11     | Found Jomoadem's Distillery.
 13007 | D:11     | Bought a potion of heal wounds for 80 gold pieces
 13247 | D:9      | Bought the ring of Ephemeral Luck {+Blink rElec rC+} for
                  | 690 gold pieces
 13334 | Lair:1   | Entered Level 1 of the Lair of Beasts
 13469 | Lair:1   | Noticed Erica
 13476 | Lair:1   | Killed Erica
 13477 | Lair:1   | Reached skill level 8 in Fighting
 13619 | Lair:1   | Gained mutation: You are mostly covered in razor-sharp
                  | scales. (AC +2, Slay +2) [demonic ancestry]
 13619 | Lair:1   | Reached XP level 12. HP: 92/92 MP: 12/12
 14273 | Lair:2   | Noticed Nergalle
 14288 | Lair:2   | Killed Nergalle
 14369 | Lair:2   | Noticed an eight-headed hydra
 14376 | Lair:2   | Killed a three-headed hydra
 14425 | Lair:2   | Noticed Harold
 14431 | Lair:2   | Killed Harold
 14580 | Lair:2   | Found a staircase to the Snake Pit.
 14785 | Lair:2   | Noticed a six-headed hydra
 14795 | Lair:2   | Killed a two-headed hydra
 15142 | Lair:3   | Noticed an eight-headed hydra
 15148 | Lair:3   | Killed a five-headed hydra
 15299 | Lair:3   | Noticed a four-headed hydra
 15307 | Lair:3   | Killed a one-headed hydra
 15387 | Lair:3   | Found a hole to the Spider Nest.
 15786 | Lair:4   | Reached skill level 9 in Fighting
 15845 | Lair:4   | Reached XP level 13. HP: 101/101 MP: 13/13
 16222 | Lair:4   | Identified the +0 leather armour "Xeets" {Str+6}
 16938 | Lair:5   | Found a runed translucent door.
 16940 | Lair:5   | Found a shimmering altar of Xom.
 16940 | Lair:5   | Noticed Vainiore's ghost (journeyman VSTm)
 16974 | Lair:5   | Killed Vainiore's ghost
 17224 | Lair:5   | Found a staircase to the Slime Pits.
 17704 | Lair:6   | Entered Level 6 of the Lair of Beasts
 17719 | Lair:6   | Reached skill level 10 in Fighting
 17745 | Lair:6   | Reached XP level 14. HP: 80/110 MP: 14/14
 17971 | Lair:6   | Identified the +1 ring mail of the Armadillo {*Slow Str+2
                  | Dex+2}
 18007 | Lair:6   | HP: 1/110 [drowned by a drowned soul[a merfolk avatar]
                  | (14)]
 18041 | Lair:6   | Identified the +9 trident "Thing" {vorpal, rElec rN+ MP+9}
 18042 | Lair:6   | Identified the ring of Dim Light {Will++ MP+9 Str-5 SInv
                  | Stlth+}
 19074 | D:10     | Killed taxman66's ghost
 19190 | D:7      | Killed riojii's ghost
 19318 | D:12     | Noticed Fannar
 19326 | D:12     | Killed Fannar
 19327 | D:12     | Reached skill level 10 in Long Blades
 19329 | D:12     | Noticed Rupert
 19336 | D:12     | Paralysed by Rupert for 4 turns
 19449 | D:11     | Killed Rupert
 19611 | D:12     | Found a staircase to the Orcish Mines.
 19807 | D:12     | Found Vufeamnemn's Self-Improvement Boutique.
 20010 | Orc:1    | Entered Level 1 of the Orcish Mines
 20013 | Orc:1    | Reached skill level 10 in Dodging
 20241 | Orc:2    | Entered Level 2 of the Orcish Mines
 20245 | Orc:2    | Found a flickering gateway to a bazaar.
 20246 | Orc:2    | Noticed Snorg
 20253 | Orc:2    | Killed Snorg
 20268 | Bazaar   | Entered a bazaar
 20298 | Bazaar   | Found Caploo's Jewellery Boutique.
 20372 | Bazaar   | Found Olouthro's Jewellery Boutique.
 20399 | Bazaar   | Found Witelie's Weapon Shoppe.
 20438 | Bazaar   | Found Pyig's Weapon Emporium.
 20443 | Bazaar   | Bought a +0 fustibalus of freezing for 290 gold pieces
 20474 | Bazaar   | Found Qoupaqu's Armour Shoppe.
 20499 | Bazaar   | Bought a +4 ring of slaying for 1404 gold pieces
 20628 | Orc:2    | Paralysed by an orc sorcerer for 3 turns
 20975 | Orc:2    | Found a staircase to the Elven Halls.
 21122 | Orc:2    | Found Caudil's Jewellery Emporium.
 21199 | Orc:2    | Found Wikkahos's Magic Scroll Shop.
 21226 | Orc:2    | Bought a scroll of acquirement for 676 gold pieces
 21226 | Orc:2    | Bought a scroll of identify for 26 gold pieces
 21226 | Orc:2    | Bought a scroll of identify for 26 gold pieces
 21226 | Orc:2    | Bought a scroll of blinking for 97 gold pieces
 21226 | Orc:2    | Bought a scroll of fear for 45 gold pieces
 21226 | Orc:2    | Bought a scroll of teleportation for 39 gold pieces
 21226 | Orc:2    | Bought a scroll of teleportation for 39 gold pieces
 21226 | Orc:2    | Bought a scroll of teleportation for 39 gold pieces
 21230 | Orc:2    | Acquired a manual of Fighting
 21232 | Orc:2    | Acquired 1125 gold pieces
 21260 | Orc:2    | Found Qiunn's Book Shop.
 21285 | Orc:2    | Found Xuylea's Antique Armour Emporium.
 21320 | Orc:2    | Bought a pair of embroidered boots for 217 gold pieces
 21885 | D:13     | Gained mutation: You have very sharp fingernails. [demonic
                  | ancestry]
 21885 | D:13     | Reached XP level 15. HP: 106/117 MP: 15/15
 21994 | D:13     | Reached skill level 11 in Fighting
 22098 | D:12     | Bought a manual of Throwing for 960 gold pieces
 22124 | D:13     | Reached skill level 10 in Throwing
 22124 | D:13     | Reached skill level 10 in Armour
 22275 | D:13     | Found a runed translucent gate.
 22279 | D:13     | Found a runed translucent gate.
 22280 | D:13     | Found a runed translucent gate.
 22280 | D:13     | Found an ancient bone altar of Kikubaaqudgha.
 22284 | D:13     | Noticed a lich
 22285 | D:13     | Noticed a lich
 22285 | D:13     | Noticed a lich
 22285 | D:13     | Noticed a lich
 22285 | D:13     | Noticed HallandMoats's ghost (journeyman DsFi)
 22353 | D:13     | Reached skill level 10 in Evocations
 22595 | D:13     | Killed a lich
 22609 | D:13     | Killed a lich
 22726 | D:13     | Identified the ring "Docuxtuh" {+Blink Dex+6 Slay+3}
 22735 | D:13     | Identified the +1 cloak of Calculation {Rampage rElec rC+
                  | Will+}
 22780 | D:13     | Killed HallandMoats's ghost
 22796 | D:13     | Killed a lich
 22805 | D:13     | Killed a lich
 22838 | D:14     | Found a frozen archway.
 22860 | IceCv    | Entered an ice cave
 23127 | IceCv    | Identified the +0 ice dragon scales "Lirchecva" {Harm
                  | Rampage rElec rF- rC++ Dex+4}
 23203 | IceCv    | HP: 5/120 [enormous slime creature (26)]
 23203 | IceCv    | Slain by a quicksilver ooze

Illustrated notes

Levels and vault maps discovered:
D:1:      dpeg_arrival_boxes_within_box, layout_basic,
          hellmonk_ecumenical_altar_crossroads
D:2:      layout_basic, basic_altar, uniq_robin
D:3:      layout_rooms, lemuel_doored_altar, mainiacjoe_overflow_24_doors,
          uniq_natasha, uniq_crazy_yiuf_cottage, uniq_terence
D:4:      layout_rooms, minmay_distorted
D:5:      layout_basic, temple_statues, uniq_grinder
D:6:      layout_basic, ashenzari_altar_1, mainiacjoe_overflow_tiny_flanked,
          grunt_gozag_breadcrumbs, minmay_shop_grid_forest,
          minmay_misc_feat_nine_boxes, minmay_statues_item,
          nicolae_elemental_shop
D:7:      layout_rooms, nicolae_yredelemnul_ghost_church, amcnicky_altar_gilded,
          eat_drink_and_be_merry_uskayaw, enter_bailey_5, minivault_4,
          kennysheep_small_spiral, kennysheep_generic_room_16
D:8:      layout_basic, mainiacjoe_overflow_alcove_1
D:9:      layout_irregular_city, kennysheep_mini_moat, serial_shops,
          nicolae_shop_hallway_plus, minmay_shattered_shrine
D:10:     layout_stronghold, cheibrodos_worm_habitat,
          nicolae_wu_jian_wuxing_cycle, ebering_ghost_inner_flame, serial_shops,
          shop, uniq_erolcha
D:11:     layout_rooms, david_lair_shrubbed, serial_shops,
          nicolae_shop_behind_doors, nicolae_shop_hallway_stairs,
          nicolae_shop_waterfront, shop, nicolae_shop_statue_plus, hive_lemuel
D:12:     layout_loops_ring, erik_orc_4, nicolae_shop_self_help, uniq_fannar,
          uniq_rupert
D:13:     layout_roguey, gammafunk_ghost_crypt
D:14:     layout_irregular_city, david_vaults_1,
          portal_ice_cave_entry_ice_statue_one, okawaru_gym_becter
Temple:   eino_temple_lava
Lair:1:   layout_cave_pods, grunt_forest_large_clearings, uniq_erica
Lair:2:   layout_roguey, minmay_snake_entry_guardpost_small, uniq_nergalle,
          uniq_harold
Lair:3:   layout_gridlike, dummy_spider_entry
Lair:4:   nzn_winding_woodlands_three_and_one
          [nzn_winding_woodlands_5x15_pockets,
          nzn_winding_woodlands_5x15_crooked, nzn_winding_woodlands_5x15_garden,
          nzn_winding_woodlands_center_pierced_h], layout_misc_corridors
Lair:5:   layout_small_grid, slime_dummy, ebering_ghost_xom, grunt_megastairs_5
Lair:6:   gammafunk_lair_ancient_temple, layout_cave_pods, nzn_sisyphean_effort
Orc:1:    layout_diamond_mine
Orc:2:    st_orc_town, layout_diamond_mine, serial_shops, bzr_entry_dummy,
          uniq_snorg
IceCv:    ice_cave_hellmonk_azure_passage

Skill      XL: |  1  2  3  4  5  6  7  8  9 10 11 12 13 14 15 |
---------------+----------------------------------------------+-----
Throwing       | 2 3 4 5 6 7 8 9 10 | 10.7
Long Blades    | 3 4 5 6 7 8 9 10 | 10.6
Armour         | 1 2 3 4 5 6 7 8 9 10 | 10.3
Dodging        | 3 4 5 6 7 8 9 10 | 10.6
Fighting       | 3 4 5 6 7 8 9 10 11 | 11.7
Evocations     | 2 3 5 6 7 8 9 10 | 10.3
Shields        | 1 3 4 5 6 7 8 9 |  9.3

Action                   |  1- 3 |  4- 6 |  7- 9 | 10-12 | 13-15 || total
-------------------------+-------+-------+-------+-------+-------++-------
Melee: Long sword        |   130 |   188 |       |       |       ||   318
       Punch             |       |     2 |     4 |       |       ||     6
       Dagger            |       |    13 |   362 |       |       ||   375
       Scimitar          |       |       |    61 |   327 |   769 ||  1157
 Fire: Hunting sling     |       |    16 |   143 |    30 |       ||   189
       Fustibalus        |       |       |       |     8 |     7 ||    15
Throw: Throwing net      |     1 |     2 |       |     2 |     2 ||     7
       Dart              |       |       |     5 |     1 |     1 ||     7
       Boomerang         |       |       |       |       |    10 ||    10
Evoke: Wand              |       |       |     2 |     4 |     1 ||     7
  Use: Potion            |       |       |     1 |       |     7 ||     8
       Scroll            |       |       |       |     3 |    19 ||    22
 Stab: Held in net/web   |     1 |     2 |       |     2 |     1 ||     6
       Distracted        |       |       |     1 |    10 |    22 ||    33
Armor: Leather armour    |    10 |       |       |       |       ||    10
       Ring mail         |    39 |    68 |   129 |       |       ||   236
       Chain mail        |       |       |    14 |   169 |   341 ||   524
Dodge: Dodged            |    73 |   111 |   146 |   137 |   252 ||   719
Block: Other             |    22 |    44 |    77 |       |       ||   143
       Reflection        |       |       |     4 |     3 |       ||     7
       Kite shield       |       |       |   247 |   307 |   539 ||  1093

Table legend: (Time is in decaauts)
 A = Elapsed time spent in this place.
 B = Non-inter-level travel time spent in this place.
 C = Inter-level travel time spent in this place.
 D = Time resting spent in this place.
 E = Time spent auto-exploring this place.
 F = Levels seen in this place.
 G = Mean time per level.
                   A        B        C        D        E       F      G
               +--------+--------+--------+--------+--------+-----+--------+
         Total |  23538 |  21967 |   1571 |    387 |  16771 |  26 |  905.3 |
       Dungeon |  14989 |  13876 |   1113 |    316 |  10891 |  14 | 1070.6 |
        Temple |     67 |     60 |      7 |      0 |     57 |   1 |   67.0 |
          Lair |   5780 |   5475 |    305 |     67 |   4142 |   6 |  963.3 |
  Orcish Mines |   1438 |   1293 |    145 |      0 |    931 |   2 |  719.0 |
        Bazaar |    272 |    272 |      0 |      0 |    210 |   1 |  272.0 |
        Bailey |    645 |    645 |      0 |      0 |    404 |   1 |  645.0 |
      Ice Cave |    342 |    342 |      0 |      4 |    135 |   1 |  342.0 |
               +--------+--------+--------+--------+--------+-----+--------+

Top non-repeatable levels by time:
     D:5: 1822 daAuts
     D:8: 1803 daAuts
     D:7: 1418 daAuts
     D:2: 1264 daAuts
  Lair:6: 1264 daAuts
     D:1: 1249 daAuts
     D:9: 1187 daAuts
     D:6: 1142 daAuts
   Orc:2: 1073 daAuts
    D:10: 1048 daAuts
    D:13: 1011 daAuts
  Lair:1: 943 daAuts
  Lair:4: 932 daAuts
  Lair:3: 911 daAuts
  Lair:5: 884 daAuts
